AoeStats
← catchchez

Four Lakes

507719065Analyzed
1v1 RM · 14d ago on Sep 19, 2026· 49m 51s· 2 players
Game mode
Random Map
Map size
Tiny (2 player)
Population
200
Speed
Normal
Resources
Standard
Victory
Conquest
Starting age
Dark Age
Ending age
Imperial Age
RankedLock teamsTeams togetherTeam positionsShared explorationLock speedFull tech treeHidden civsTurbo modeCheats
Victory
Defeat
🇨🇭 Byzantines · Switzerland
762
+16
🇮🇳 Japanese · India
772
-16
el-eglino
5:00 Loom
12:21 Feudal Age
21:17 Castle Age
22:09 Pikeman
22:13 Crossbowman
23:40 Scale Barding Armor
26:23 Husbandry
28:31 Padded Archer Armor
29:05 Fishing Lines
32:52 Wheelbarrow
33:27 Squires
33:14 Gambesons
36:08 Leather Archer Armor
35:44 Fletching
39:57 Gold Mining
42:54 Imperial Age
42:57 Cavalier
44:24 Hand Cart
46:24 Gillnets
46:46 Medium Warships
catchchez
1:33 Loom
11:05 Feudal Age
11:18 Man-at-Arms
20:56 Castle Age
21:07 Crossbowman
28:44 Double-Bit Axe
29:31 Fletching
32:37 Bodkin Arrow
Connection lost

Rejoining the realm…

Still unreachable

The connection could not be restored.

Session expired

The server has moved on; the page needs a fresh start.